 Dungeon Crawl Stone Soup version 0.31.0-9-g3a7656b989 (webtiles) character file.

Game seed: 4813287814317473978

24 EnegeticOcto the Shooter (level 2, 0/14 HPs)
             Began as a Spriggan Hunter on Jan 31, 2024.
             Slain by a gnoll
             ... wielding a +0 halberd
             ... led by a gnoll bouda
              (13 damage)
             ... on level 4 of the Dungeon.
             The game lasted 00:01:45 (263 turns).

EnegeticOcto the Shooter (Spriggan Hunter)           Turns: 263, Time: 00:01:46

Health: 0/14       AC:  2    Str:  7    XL:     2   Next: 79%
Magic:  3/3        EV: 17    Int: 10    God:
Gold:   65         SH:  0    Dex: 18    Spells: 1/1 levels left

rFire   . . .        a - +0 shortbow
rCold   . . .        (shield currently unavailable)
rNeg    . . .        c - +0 robe
rPois   .            (helmet restricted)
rElec   .            (no cloak)
rCorr   .            (gloves unavailable)
SInv    +            (boots unavailable)
Will    .....        (no amulet)
Stlth   ++           (no ring)
HPRegen 0.22/turn    (no ring)
MPRegen 0.08/turn

%: no passive effects
@: very quick
A: very small, no large weapons, unfitting armour, see invisible, speed 3
a: no special abilities


You were on level 4 of the Dungeon.
You visited 1 branch of the dungeon, and saw 4 of its levels.

You collected 65 gold pieces.

Inventory:

Hand Weapons
 a - a +0 shortbow (weapon)
 g - a +2 dagger of protection
   (You took it off a goblin on level 2 of the Dungeon)
 i - a +1 falchion of electrocution
   (You found it on level 3 of the Dungeon)
 k - the +6 shillelagh "Devastator" {shatter}
   (You found it on level 3 of the Dungeon)
Missiles
 h - 4 datura-tipped darts
Armour
 c - a +0 robe (worn)
Scrolls
 b - 2 scrolls of butterflies {!r}
 d - a scroll of identify {unknown}
 f - a scroll of immolation {unknown}
 l - a scroll of enchant armour {unknown}
Potions
 e - a potion of ambrosia {unknown}
 j - a potion of degeneration {unknown}
 m - a potion of brilliance {unknown}


   Skills:
 - Level 1.5 Fighting
 + Level 4.6 Ranged Weapons
 - Level 2.6 Dodging
 - Level 3.0 Stealth


You had one spell level left.
You didn't know any spells.
Your spell library was empty.

Dungeon Overview and Level Annotations

Branches:
Dungeon (4/15) Zot: 23807
 Temple: D:4-7

Altars:


Innate Abilities, Weirdness & Mutations

You are very small and have problems with some larger weapons.
You are too small for most types of armour.
You have supernaturally acute eyesight. (SInv)
You cover ground extremely quickly. (Speed+++)


Message History

The orc is moderately wounded.
An orc comes into view. It is wielding a +0 whip.
An orc comes into view. It is wielding a +0 hand axe.
A hobgoblin comes into view.
You shoot an arrow. The orc shouts! x2
The arrow hits the hobgoblin.
You kill the hobgoblin!
You shoot an arrow. The arrow hits the orc!
You kill the orc!
You shoot an arrow. The arrow hits the orc!
You kill the orc!
Training target 3.0 for Stealth reached!
Your Stealth skill increases to level 3!
You shoot an arrow. The arrow closely misses the orc. x2
You shoot an arrow. The arrow barely misses the orc.
The arrow hits the orc.
The orc is severely wounded.
You shoot an arrow. The arrow hits the orc!
You kill the orc!
You shoot an arrow. The arrow closely misses the orc.
You shoot an arrow. The arrow hits the orc.
You kill the orc!
Things that are here:
a +0 whip; a +0 leather armour You now have 65 gold pieces (gained 17).
Things that are here:
a +0 hand axe; an orc corpse
Found the +6 shillelagh "Devastator" {shatter}.
Found a club.
Things that are here:
a +3 spear; a +0 leather armour; an orc corpse
Things that are here:
a +0 mace; a +0 leather armour You see here a hobgoblin corpse.
Press: ? - help, v - describe, . - travel, g - get item Item here: the +6 shillelagh "Devastator" {shatter}.
The floor.
Unknown command.
You see here the +6 shillelagh "Devastator" {shatter}.
k - the +6 shillelagh "Devastator" {shatter} You see here a hobgoblin corpse.
Things that are here:
a +0 mace; a +0 leather armour
Found a scroll labelled UGIMNENO ROAK.
l - a scroll labelled UGIMNENO ROAK
Found a stone staircase leading down.
A dart slug comes into view.
You shoot an arrow. The arrow hits the dart slug.
The dart slug is moderately wounded.
You shoot an arrow.
The arrow hits the dart slug but does no damage.
The dart slug is moderately wounded.
You shoot an arrow. The arrow hits the dart slug.
The dart slug is almost dead.
You shoot an arrow. The arrow hits the dart slug!
You kill the dart slug!
You open the door.
There is an open door here.
There is a stone staircase leading down here.
You climb downwards.
Found 7 stones.
There is a stone staircase leading up here.
Found a fuming grey potion.
A kobold comes into view. It is wielding a +0 dagger.
Found a robe.
You shoot an arrow.
The arrow hits the kobold but does no damage.
You shoot an arrow. The arrow hits the kobold.
You kill the kobold!
No target in view!
m - a fuming grey potion An adder comes into view.
The adder hisses angrily.
You shoot an arrow. The arrow closely misses the adder.
You shoot an arrow. The arrow closely misses the adder.
A gnoll comes into view. It is wielding a +0 flail.
You shoot an arrow. The arrow hits the adder.
The adder is moderately wounded.
The adder closely misses you.
A gnoll comes into view. It is wielding a +0 halberd.
You shoot an arrow. The gnoll shouts!
The arrow hits the adder.
The adder is moderately wounded.
The adder closely misses you. The adder misses you.
You shoot an arrow. The arrow closely misses the adder.
The arrow closely misses the gnoll.
The adder closely misses you. x2
You shoot an arrow. The arrow hits the adder.
The adder is severely wounded.
The adder bites you.
You shoot an arrow. The arrow closely misses the adder.
The arrow barely misses the gnoll.
The arrow closely misses the gnoll.
The adder closely misses you. The adder completely misses you.
You shoot an arrow. The arrow hits the adder.
The adder is almost dead.
A gnoll bouda comes into view. It is wielding a +0 club.
The adder closely misses you.
The gnoll hits you from afar with a +0 halberd!
Ouch! That really hurt!
You die...

#....#.###...#..###.#
##.......##...#..##.<.
.............##..##.#
#..........##..##### #
#..........[....
.##.#................
g..................##
......g............#
.....gS@........####
.##.........#..##
..............##
..........##..#
........... ..#
.##...........#
........... #
..##.......##


You could see a gnoll bouda (wandering), 2 gnolls and an adder.

Vanquished Creatures
  A dart slug (D:3)
  5 orcs (D:3)
  2 endoplasms
  2 goblins
  3 hobgoblins
  A frilled lizard (D:2)
  A kobold (D:4)
15 creatures vanquished.

Notes
Turn   | Place    | Note
-------+----------+-------------------------------------------
     0 | D:1      | EnegeticOcto the Spriggan Hunter began the quest for the
                  | Orb.
     0 | D:1      | Reached XP level 1. HP: 10/10 MP: 2/2
    56 | D:1      | Reached skill level 2 in Stealth
   106 | D:3      | Reached XP level 2. HP: 14/14 MP: 3/3
   177 | D:3      | Reached skill level 3 in Stealth
   194 | D:3      | Found the +6 shillelagh "Devastator" {shatter}
   263 | D:4      | Slain by a gnoll

Illustrated notes

Levels and vault maps discovered:
D:1:      scummos_arrival_star, layout_loops_cross
D:2:      layout_rooms, basic_altar
D:3:      layout_basic, kennysheep_flooded_box
D:4:      layout_cave_pools, kennysheep_potato, uniq_edmund, uniq_menkaure,
          uniq_grinder, uniq_ijyb

Skill      XL: |  1  2 |
---------------+-------+-----
Stealth        | 2 3 |  3.0
Fighting       | |  1.5
Ranged Weapons | |  4.6
Dodging        | |  2.6

Action                     || total
---------------------------++-------
   Fire: Shortbow          ||    41
 Armour: Robe              ||     2
  Dodge: Dodged            ||     8

Table legend:
 A = Kills in this place as a percentage of kills in the entire game.
 B = Kills by you in this place as a percentage of kills by you in the entire game.
 C = Kills by friends in this place as a percentage of kills by friends in the entire game.
 D = Other kills in this place as a percentage of other kills in the entire game.
 E = Experience gained in this place as a percentage of experience gained in the entire game.
 F = Experience gained in this place divided by the number of levels of this place that you have seen.
                   A       B       C       D       E      F
               +-------+-------+-------+-------+-------+----------------------
         Total | 100.0 | 100.0 |   N/A |   N/A | 100.0 |   8.8
       Dungeon | 100.0 | 100.0 |   N/A |   N/A | 100.0 |   8.8
               +-------+-------+-------+-------+-------+----------------------

Table legend: (Time is in decaauts)
 A = Elapsed time spent in this place.
 B = Non-inter-level travel time spent in this place.
 C = Inter-level travel time spent in this place.
 D = Time resting spent in this place.
 E = Time spent auto-exploring this place.
 F = Levels seen in this place.
 G = Mean time per level.
                   A        B        C        D        E       F      G
               +--------+--------+--------+--------+--------+-----+--------+
         Total |    191 |    191 |      0 |      0 |      0 |   4 |   47.8 |
       Dungeon |    191 |    191 |      0 |      0 |      0 |   4 |   47.8 |
               +--------+--------+--------+--------+--------+-----+--------+

Top non-repeatable levels by time:
     D:3: 97 daAuts
     D:1: 45 daAuts
     D:2: 25 daAuts
     D:4: 23 daAuts
